Map: Романтицид РВ

Players

Doll

  • Race: Protoss Protoss
  • Spawn Location: 11:00

ИИ 1 (эксперт) - Winner!

  • Race: Zerg Zerg
  • Spawn Location: 5:00

VOD

Have the link to the VOD?

Description

Time

  • Played on: Sept. 23, 2020, 1:27 p.m.
  • Length: 7:16
Show
View Real Time Build Order
Export as new Build Order

Doll Protoss 

Build Orders:  

Get SALT Encoding   

  12  0:01  Probe  
  13  0:13  Probe  
  14  0:18  Pylon  
  14  0:25  Probe  
  15  0:37  Probe (Chrono Boost)  
  15  0:41  Gateway  
  17  0:51  Probe (Chrono Boost)  
  17  0:55  Gateway  
  17  0:56  Probe (Chrono Boost)  
  18  1:05  Probe  
  18  1:10  Pylon  
  19  1:17  Probe  
  20  1:24  Gateway  
  20  1:30  Probe  
  20  1:31  Zealot  
  23  1:37  Assimilator  
  23  1:40  Assimilator  
  23  1:43  Zealot  
  23  1:46  Probe  
  26  1:57  Gateway  
  26  1:59  Probe  
  27  2:03  Zealot  
  29  2:14  Probe  
  30  2:22  Pylon  
  30  2:33  Cybernetics Core  
  30  2:40  Zealot, Pylon  
  30  2:43  Zealot  
  34  2:49  Zealot  
  36  2:55  Zealot  
  38  2:59  Probe  
  39  3:09  Zealot  
  39  3:10  Warp Gate (Chrono Boost)  
  39  3:11  Zealot  
  43  3:17  Probe  
  44  3:21  Zealot  
  46  3:28  Pylon  
  46  3:30  Probe  
  47  3:45  Pylon  
  47  3:47  Probe  
  48  3:49  Zealot  
  48  3:50  Zealot  
  52  3:56  Zealot  
  52  4:02  Probe  
  55  4:04  Zealot  
  57  4:19  Robotics Facility, Zealot  
  57  4:22  Probe  
  60  4:28  Stalker  
  62  4:35  Pylon  
  62  4:47  Robotics Facility  
  62  4:57  Forge  
  62  5:01  Stalker  
  62  5:04  Stalker  
  66  5:10  Probe  
  66  5:14  Stalker  
Show
View Real Time Build Order
Export as new Build Order

ИИ 1 (эксперт) Zerg - Winner!

Build Orders: Pool First 

Get SALT Encoding   

  12  0:00  Drone  
  13  0:12  Overlord  
  13  0:16  Drone  
  14  0:30  Drone x2  
  16  0:43  Spawning Pool  
  16  0:44  Drone  
  16  0:48  Drone  
  17  1:12  Hatchery  
  17  1:13  Drone  
  17  1:16  Extractor  
  16  1:19  Drone  
  16  1:23  Drone  
  18  1:28  Drone  
  19  1:38  Overlord  
  19  1:49  Drone, Queen  
  22  2:00  Zergling x2  
  22  2:01  Extractor  
  22  2:10  Drone  
  23  2:21  Drone  
  24  2:23  Drone  
  24  2:25  Queen  
  27  2:32  Drone  
  27  2:34  Drone  
  29  2:42  Roach Warren  
  28  2:45  Drone  
  28  2:48  Drone  
  30  2:53  Zergling x2  
  30  2:55  Zergling x2  
  32  3:01  Overlord  
  32  3:04  Drone  
  33  3:08  Drone  
  34  3:22  Roach  
  34  3:23  Roach  
  34  3:24  Roach x2  
  42  3:32  Lair  
  42  3:37  Overlord  
  42  3:42  Overlord  
  42  3:46  Zergling x2  
  43  3:49  Zergling x2  
  43  3:55  Drone, Zergling x2  
  46  3:56  Drone  
  46  3:59  Drone  
  46  4:01  Drone  
  49  4:04  Drone  
  49  4:07  Roach  
  52  4:12  Roach  
  52  4:16  Overlord  
  54  4:23  Drone  
  55  4:25  Drone  
  55  4:27  Drone  
  55  4:29  Drone  
  58  4:33  Drone, Infestation Pit  
  58  4:35  Overlord  
  58  4:39  Overlord  
  58  4:43  Roach  
  60  4:46  Roach  
  62  5:03  Hydralisk Den  
  62  5:06  Drone  
  62  5:07  Drone  
  62  5:09  Drone  
  62  5:10  Infestor x2  
  62  5:11  Infestor  
  62  5:12  Drone, Extractor  
  62  5:13  Drone  
  71  5:16  Drone  
  71  5:18  Drone  
  73  5:21  Overlord  
  73  5:23  Drone  
  73  5:25  Drone  
  73  5:27  Drone  
  76  5:32  Drone  
  76  5:34  Hydralisk x2, Drone  
  82  5:38  Hydralisk  
  82  5:40  Hydralisk  
  85  5:43  Overlord  
  85  5:45  Drone  
  87  5:50  Drone  
  87  5:55  Drone  
  88  5:59  Extractor  
  88  6:00  Drone  
  85  6:05  Zergling x2  
  85  6:06  Zergling x2  
  85  6:07  Drone, Roach  
  85  6:10  Evolution Chamber, Hatchery, Zergling x2  
  77  6:12  Roach  
  63  6:18  Roach  
  63  6:20  Roach  
  63  6:23  Hydralisk  
  64  6:26  Hydralisk  
  64  6:30  Roach  
  63  6:34  Zergling x2  
Tags
 
Add a new tag
Caveats
  • Supply blocks, unpowered buildings, or Contaminate may cause inaccurate times.
  • Supply counts are checked every 10 seconds.